 Dungeon Crawl Stone Soup version 0.28.0-53-g5a82cb258f (webtiles) character file.

Game seed: 9704423908345161315

109 mcbry74 the Chopper (level 4, -1/40 HPs)
             Began as a Minotaur Fighter on July 20, 2022.
             Succumbed to an adder's poison
             ... on level 2 of the Dungeon.
             The game lasted 00:03:01 (1363 turns).

mcbry74 the Chopper (Minotaur Fighter)              Turns: 1363, Time: 00:03:01

Health: -1/40      AC:  7    Str: 19 (21) XL:     4   Next: 59%
Magic:  3/3        EV:  9    Int:  6 (7)  God:
Gold:   60         SH:  4    Dex:  6 (9)  Spells: 3/3 levels left

rFire   . . .      SeeInvis .   a - +0 war axe
rCold   . . .      Faith    .   c - +0 buckler
rNeg    . . .      Spirit   .   b - +0 scale mail
rPois   .          Reflect  .   (helmet restricted)
rElec   .          Harm     .   (no cloak)
rCorr   .          Rampage  .   (no gloves)
Will    .....                   (no boots)
Stlth   ..........              (no amulet)
HPRegen 0.13/turn               (no ring)
MPRegen 0.08/turn               (no ring)

@: mighty, lethally poisoned (-1 -> -8)
A: horns 2, retaliatory headbutt
a: no special abilities


You were on level 2 of the Dungeon.
You visited 1 branch of the dungeon, and saw 3 of its levels.

You collected 60 gold pieces.

Inventory:

Hand Weapons
 a - a +0 war axe (weapon)
Armour
 b - a +0 scale mail (worn)
 c - a +0 buckler (worn)
 k - a +0 cloak
Scrolls
 e - 3 scrolls of teleportation {unknown}
 f - a scroll of enchant armour {unknown}
 g - a scroll of identify {unknown}
 i - a scroll of fear {unknown}
 j - a scroll of enchant weapon {unknown}


   Skills:
 - Level 4.0 Fighting
 * Level 4.6 Axes
 + Level 4.5 Armour
 - Level 4.0 Shields


You had 3 spell levels left.
You didn't know any spells.
Your spell library was empty.

Dungeon Overview and Level Annotations

Branches:
Dungeon (3/15)

Altars:

Annotations:
D:2 1 runed translucent door


Innate Abilities, Weirdness & Mutations

You have a pair of horns on your head.
You reflexively headbutt those who attack you in melee.


Message History

* * * LOW HITPOINT WARNING * * *
You closely miss the adder. Your headbutt misses the adder.
You slash something!
Reactivating autopickup.
You feel a bit more experienced. The adder barely misses you.
You block the adder's attack.
You hit the adder. Your headbutt misses the adder.
The adder is lightly wounded.
The adder bites you but does no damage. x2
You barely miss the adder. Your headbutt misses the adder.
The adder is lightly wounded.
The adder barely misses you.
You miss the adder.
The adder is lightly wounded.
The adder bites you but does no damage. The adder bites you.
* * * LOW HITPOINT WARNING * * *
You miss the adder. The adder bites you.
* * * LOW HITPOINT WARNING * * *
The adder bites you but does no damage.
You barely miss the adder. Your headbutt misses the adder.
The adder barely misses you.
You miss the adder. The adder bites you.
* * * LOW HITPOINT WARNING * * *
The adder bites you.
* * * LOW HITPOINT WARNING * * *
You are lethally poisoned!
The adder poisons you!
It was a potion of degeneration.
There was something very wrong with that liquid.
You feel weakened.
You feel dopey.
You feel clumsy.
* * * LOW HITPOINT WARNING * * *
You feel sick. The adder bites you but does no damage.
You feel very mighty all of a sudden.
* * * LOW HITPOINT WARNING * * *
You feel sick. The adder bites you.
* * * LOW HITPOINT WARNING * * *
You are more poisoned.
The adder poisons you!
You miss the adder.
You die...

###...#...#
#.#...#...#
.######)..#
#.#.......#
.######...#
#.#.......#
..........#
#.#...#..##
######....#
#.#...##.# #......#
#.#...##.# #.##...#
#.#...##.#
#.##<..####.#S..##.#
#...........#@..##.#
#..#...######)..##.#
#..#.............#>#
#..#...######.####.#
#............).....#
##.##..#######.#####
#.##..#######.#
#.##......>...#
###.###.#########


You could see an adder.

Vanquished Creatures
  An orc priest (D:3)
  An orc wizard (D:2)
  2 dart slugs (D:1)
  An orc (D:3)
  3 bats
  2 endoplasms
  A giant cockroach (D:3)
  3 goblins
  5 hobgoblins (D:1)
  5 jackals (D:1)
  6 quokkas
  6 ball pythons
  4 frilled lizards
  2 kobolds (D:1)
  6 rats (D:1)
48 creatures vanquished.

Vanquished Creatures (others)
  2 fungi (D:2)
  2 plants (D:2)
4 creatures vanquished.

Grand Total: 52 creatures vanquished

Notes
Turn   | Place    | Note
-------+----------+-------------------------------------------
     0 | D:1      | mcbry74 the Minotaur Fighter began the quest for the Orb.
     0 | D:1      | Reached XP level 1. HP: 19/19 MP: 0/0
   205 | D:1      | Reached XP level 2. HP: 27/27 MP: 1/1
   513 | D:1      | Reached XP level 3. HP: 33/33 MP: 2/2
  1101 | D:2      | Found a faded altar of an unknown god.
  1251 | D:2      | Found a runed translucent door.
  1331 | D:3      | Reached XP level 4. HP: 40/40 MP: 3/3
  1362 | D:2      | HP: 2/40 [poisoned by an adder]
  1363 | D:2      | Succumbed to an adder's poison

Illustrated notes

Levels and vault maps discovered:
D:1:      lemuel_arrival_cross, layout_loops_cross, minmay_tiny_reverse_x
D:2:      layout_basic, shapermc_ecumenical_altar_mp_ritualfount,
          nicolae_concentric_dashed_squares_mild,
          chequers_serial_rivers_micro_b, uniq_crazy_yiuf_cottage
D:3:      layout_rooms, serial_shops, nicolae_shop_trees,
          chequers_serial_rivers_room_a, uniq_sigmund

Skill      XL: |  1  2  3 |
---------------+----------+-----
Axes           | 3 4 |  4.6
Fighting       | 4 |  4.0
Shields        | 4 |  4.0
Armour         | 4 |  4.5

Action                   |  1- 3 |  4- 6 || total
-------------------------+-------+-------++-------
Melee: War axe           |    85 |    20 ||   105
       Headbutt          |    13 |     1 ||    14
  Use: Potion            |       |     2 ||     2
Armor: Scale mail        |    38 |    20 ||    58
Dodge: Dodged            |    47 |     8 ||    55
Block: Buckler           |    20 |     3 ||    23
